AoeStats
← ska_18

Arena

503802254Analyzed
3v3 RM · 1mo ago on Sep 2, 2026· 42m 24s· 6 players
Game mode
Random Map
Map size
Normal (6 player)
Population
200
Speed
Normal
Resources
Standard
Victory
Conquest
Starting age
Dark Age
Ending age
Imperial Age
RankedLock teamsTeams togetherTeam positionsShared explorationLock speedFull tech treeHidden civsTurbo modeCheats
Victory
Defeat
🇦🇷 Inca · Argentina
1064
+15
1057
+16
🇮🇩 Italians · Indonesia
972
+19
🇦🇹 Saracens · Austria
1072
-18
1039
-16
🇹🇷 Ethiopians · Türkiye
1032
-16
(DB) Eydur
15:46 Feudal Age
20:25 Castle Age
20:23 Double-Bit Axe
20:19 Horse Collar
20:31 Gold Mining
21:25 Loom
21:54 Bow Saw
22:20 Gold Shaft Mining
21:47 Heavy Plow
36:20 Forging
36:10 Scale Mail Armor
ska_18
10:35 Feudal Age
16:23 Castle Age
14:30 Double-Bit Axe
15:32 Horse Collar
15:43 Loom
抚远将军年羹尧
11:27 Feudal Age
12:16 Double-Bit Axe
12:17 Horse Collar
18:01 Castle Age
19:24 Stone Mining
20:41 Stone Shaft Mining
20:09 Heavy Plow
20:14 Gold Mining
川渝第一育才暴打兰开
10:20 Feudal Age
13:51 Castle Age
12:07 Double-Bit Axe
13:16 Horse Collar
19:09 Loom
20:36 Wheelbarrow
21:17 Bow Saw
22:04 Town Watch
24:01 Heavy Plow
25:05 Hand Cart
25:41 Town Patrol
28:34 Imperial Age
27:18 Gold Mining
27:18 Stone Mining
28:27 Scale Barding Armor
29:10 Gold Shaft Mining
29:10 Stone Shaft Mining
29:57 Elite Ballista Elephant
32:20 Conscription
32:01 Double Crossbow
32:40 Chain Barding Armor
34:25 Plate Barding Armor
37:01 Ballistics
37:47 Chemistry
37:02 Forging
loveTINA_0208
5:04 Loom
10:09 Feudal Age
13:38 Horse Collar
16:06 Castle Age
13:52 Horse Collar
14:03 Double-Bit Axe
25:36 Wheelbarrow
26:05 Scale Barding Armor
26:10 Forging
26:03 Crossbowman
27:49 Fortified Wall
28:02 Thumb Ring
28:00 Gold Mining
31:15 Imperial Age
29:16 Bow Saw
29:30 Fletching
29:47 Padded Archer Armor
30:02 Stone Mining
30:42 Bodkin Arrow
31:56 Bracer
32:56 Conscription
33:17 Elite Genoese Crossbowman
34:47 Ballistics
37:02 Chemistry
38:59 Leather Archer Armor
Thổ Dân Da Đỏ
11:06 Feudal Age
17:43 Castle Age
16:43 Horse Collar
16:50 Double-Bit Axe
16:58 Gold Mining
16:50 Champi Runner
21:14 Forging
20:35 Champi Warrior
28:34 Heavy Plow
28:45 Bow Saw
29:15 Scale Mail Armor
29:26 Forging
29:26 Squires
29:12 Arson
30:40 Chain Mail Armor
32:50 Iron Casting
36:53 Loom
Connection lost

Rejoining the realm…

Still unreachable

The connection could not be restored.

Session expired

The server has moved on; the page needs a fresh start.